 Dungeon Crawl Stone Soup version 0.27-a0-1206-g6342a01c75 (webtiles) character file.

Game seed: 17170573511599952768

7359 Johnny the Thaumaturge (level 10, -4/68 HPs)
             Began as a Deep Elf Earth Elementalist on June 5, 2021.
             Was a Believer of Dithmenos.
             Hit by a javelin thrown by a minotaur (34 damage)
             ... in a Gauntlet.
             The game lasted 00:17:28 (13423 turns).

Johnny the Thaumaturge (DEEE)                      Turns: 13423, Time: 00:17:29

Health: -4/68      AC: 10    Str:  9    XL:     10   Next: 91%
Magic:  8/36       EV: 12    Int: 24    God:    Dithmenos [**....]
Gold:   45         SH:  0    Dex: 15    Spells: 16/31 levels left

rFire    + . .     SeeInvis .   j - +3 dagger (drain)
rCold    + . .     Faith    .   (no shield)
rNeg     + . .     Spirit   .   N - +0 robe {rC+}
rPois    +         Reflect  .   C - +2 hat
rElec    .         Harm     +   M - +0 cloak "Ynniraic" {Harm}
rCorr    .         Rampage  .   J - +0 pair of gloves
Will     ++...     NoTele   +   m - +3 pair of boots "Tasedokh" {rF+ rN+ Will+ Str+4}
Stlth    +++.......             y - amulet of magic regeneration
HPRegen  0.21/turn              l - ring of poison resistance
MPRegen  0.50/turn              E - ring of magical power

@: mighty, attractive, wreathed by umbra
A: no striking features
a: Renounce Religion, Shadow Step


You were in a Gauntlet.
You worshipped Dithmenos.
Dithmenos was pleased with you.
You visited 3 branches of the dungeon, and saw 11 of its levels.
You also visited: Sewer and Gauntlet.

You collected 553 gold pieces.
You spent 508 gold pieces at shops.

Inventory:

Hand Weapons
 j - a +3 dagger of draining (weapon)
Missiles
 b - 181 stones
 w - a curare-tipped dart
Armour
 m - the +3 pair of boots "Tasedokh" (worn) {rF+ rN+ Will+ Str+4}
   (You found it in a Gauntlet)

   It affects your strength (+4).
   It protects you from fire.
   It protects you from negative energy.
   It increases your willpower.
 C - a +2 hat (worn)
 F - the +1 chain mail of Hide-and-Seek {rPois Int+2 Dex+7}
   (You found it on level 8 of the Dungeon)

   It affects your intelligence (+2).
   It affects your dexterity (+7).
   It protects you from poison.
 J - a +0 pair of gloves (worn)
 M - the +0 cloak "Ynniraic" (worn) {Harm}
   (You bought it in a shop on level 2 of the Dungeon)

   It increases damage dealt and taken.
 N - a +0 robe of cold resistance (worn)
Jewellery
 l - a ring of poison resistance (left hand)
 q - a +6 ring of dexterity
 t - a ring of willpower
 y - an amulet of magic regeneration (around neck)
 E - a ring of magical power (right hand)
Wands
 A - a wand of iceblast (8)
 G - a wand of polymorph (10)
 I - a wand of charming (1)
 L - a wand of paralysis (12)
Scrolls
 c - a scroll of fear
 g - 4 scrolls of amnesia
 h - a scroll of fog
 o - 2 scrolls of magic mapping
 p - a scroll of immolation
 s - a scroll of noise
 u - a scroll of brand weapon
 H - a scroll of teleportation
Potions
 a - a potion of degeneration {unknown}
 d - 3 potions of attraction
 e - a potion of curing
 i - 3 potions of might
 k - a potion of heal wounds
 r - 2 potions of magic {unknown}
 v - a potion of berserk rage {unknown}
 x - 3 potions of flight {unknown}
 z - 2 potions of brilliance {unknown}


   Skills:
 * Level 10.0 Fighting
 - Level 2.4 Dodging
 - Level 2.4 Stealth
 + Level 11.3 Spellcasting
 - Level 1.1 Transmutations
 + Level 9.8 Earth Magic


You had 16 spell levels left.
You knew the following spells:

 Your Spells              Type           Power      Damage    Failure   Level
a - Sandblast             Erth           100%       2d20      1%          1
b - Stone Arrow           Conj/Erth      74%        3d11      1%          3
c - Lee's Rapid Deconstr  Erth           28%        3d16*     2%          5
d - Petrify               Tmut/Erth      39%        N/A       4%          4
e - Passwall              Tmut/Erth      32%        N/A       1%          2

Your spell library contained the following spells:

 Spells                   Type           Power      Damage    Failure   Level
 Corona                   Hex            14%        N/A       4%          1
 Shock                    Conj/Air       52%        1d6       4%          1
 Ensorcelled Hibernation  Hex/Ice        26%        N/A       7%          2
 Static Discharge         Conj/Air       13%        N/A       7%          2
 Confusing Touch          Hex            13%        N/A       14%         3
 Dazzling Flash           Conj/Hex       26%        N/A       14%         3
 Swiftness                Air            13%        N/A       14%         3
 Tukima's Dance           Hex            13%        N/A       14%         3
 Airstrike                Air            6%         N/A       43%         4
 Lightning Bolt           Conj/Air       6%         1d18      78%         5


Dungeon Overview and Level Annotations

Branches:
Dungeon (9/15)             Temple (0/1) D:7            Lair (1/6) D:9
    Orc (1/2) D:9           Sewer (visited)         Gauntlet (1/1)

Altars:
Cheibriados
Dithmenos
Hepliaklqana
Makhleb
Trog
Zin

Shops:
D:1 [   D:2 *(*!   D:3 (

Annotations:
Gauntlet 6 transporters


Message History

Confirm with . or Enter, or press ? or * to list all spells.
Aiming: Lee's Rapid Deconstruction (dangerous; 2% risk of failure)
Press: ? - help, Dir - move target A rock wall.
The wall shatters!
The blast of rock fragments hits the minotaur!
The minotaur is severely wounded.
Casting: Lee's Rapid Deconstruction (dangerous; 2% risk of failure)
Confirm with . or Enter, or press ? or * to list all spells.
Aiming: Lee's Rapid Deconstruction (dangerous; 2% risk of failure)
Press: ? - help, Dir - move target A rock wall.
The wall shatters!
The blast of rock fragments hits the minotaur.
The minotaur is severely wounded.
Casting: Lee's Rapid Deconstruction (dangerous; 2% risk of failure)
Confirm with . or Enter, or press ? or * to list all spells.
Aiming: Lee's Rapid Deconstruction (dangerous; 2% risk of failure)
Press: ? - help, Dir - move target A rock wall.
The wall shatters!
The blast of rock fragments hits the minotaur but does no damage.
The minotaur is severely wounded.
It was a potion of might.
You feel very mighty all of a sudden.
It was a potion of attraction.
You feel attractive to monsters. The minotaur is pulled toward you!
Okay, then.
The minotaur closely misses you.
The minotaur gores you but does no damage.
The minotaur throws a javelin.
The javelin pierces through you! The minotaur is pulled toward you!
The minotaur throws a javelin.
The javelin pierces through you. The minotaur is pulled toward you!
The minotaur is pulled toward you!
There is an open door here.
The minotaur throws a javelin.
The javelin pierces through you!!
Ouch! That really hurt!
You die...

#≈8§#..#[.#
######...#..#©.#
#...##.8.#..#..#
#.#.##...#..#.##
#.#....8.#..#..#
#.#.##...#..#... ###+#
#...##...#..####
#..⌠.##H#.##.©.#≈.....
+⌠...@'.#......#∩.....
#...∩##.#.##.©.#≈.....
#.⌠.. #...##...#§.####
##+## #.#.##...#..##..
#.#....8.#..#©##
#.#.##...#..###.
#...##.8.#..##.# ####
#...#..#.##
#§8≈#..#.#.


You could see a minotaur.

Vanquished Creatures
  A two-headed ogre (D:9)
  A manticore (D:9)
  A smoke demon (Gauntlet)
  A hellion (Gauntlet)
  A cane toad (Lair:1)
  2 ice devils (Gauntlet)
  A troll (D:7)
  Prince Ribbit (D:7)
  A wyvern (D:9)
  2 shadows (Gauntlet)
  A vampire (D:7)
  A yak (D:9)
  A basilisk (Lair:1)
  A vampire mosquito (D:9)
  A water moccasin (Lair:1)
  5 orc warriors (D:9)
  A sky beast (D:6)
  A black bear (D:6)
  2 ice beasts
  A necrophage (D:5)
  A killer bee (D:9)
  3 centaurs
  2 ogres
  5 kobold brigands
  4 bullfrogs
  4 scorpions
  A wyvern skeleton (D:7)
  3 wights (D:7)
  A howler monkey (D:4)
  4 electric eels (D:9)
  2 centaur zombies
  A jelly (D:7)
  4 orc priests
  A hound (D:3)
  An iguana (D:4)
  Crazy Yiuf (D:4)
  Natasha (thrice) (D:2)
  Terence (D:2)
  7 orc wizards
  A killer bee zombie (D:8)
  3 howler monkey zombies
  3 gnolls (D:6)
  5 adders
  A howler monkey skeleton (D:6)
  6 river rats (Sewer)
  2 white imps
  3 worms
  37 orcs
  6 endoplasms
  4 giant cockroaches
  6 goblins
  13 hobgoblins
  7 jackals
  3 quokkas
  8 ball pythons
  5 bats
  4 frilled lizards
  35 kobolds
  25 rats
253 creatures vanquished.

Vanquished Creatures (collateral kills)
  An electric eel (D:9)
  An orc priest (D:9)
  3 orcs (Orc:1)
5 creatures vanquished.

Vanquished Creatures (others)
  9 fungi
  24 plants
  9 withered plants (Gauntlet)
42 creatures vanquished.

Grand Total: 300 creatures vanquished

Notes
Turn   | Place    | Note
-------+----------+-------------------------------------------
     0 | D:1      | Johnny the Deep Elf Earth Elementalist began the quest for
                  | the Orb.
     0 | D:1      | Reached XP level 1. HP: 10/10 MP: 6/6
   395 | D:1      | Reached XP level 2. HP: 15/16 MP: 6/8
   466 | D:1      | Found a faded altar of an unknown god.
   530 | D:1      | Reached skill level 1 in Fighting
   554 | D:1      | Found Rezxeum's Antique Armour Shoppe.
  1279 | D:2      | Found Qeuresur's Weapon Boutique.
  1383 | D:2      | Found Ezon's Assorted Antiques.
  1465 | D:2      | Found Keric's General Store.
  1468 | D:2      | Found Niyhelu's Distillery.
  1484 | D:2      | Reached XP level 3. HP: 20/20 MP: 10/10
  1512 | D:2      | Bought a potion of heal wounds for 50 gold pieces
  1528 | D:2      | Bought a potion of lignification for 30 gold pieces
  1544 | D:2      | Noticed Natasha
  1550 | D:2      | Killed Natasha
  1639 | D:2      | Noticed Natasha
  1648 | D:2      | Killed Natasha
  1649 | D:2      | Reached skill level 4 in Spellcasting
  1649 | D:2      | Reached XP level 4. HP: 13/26 MP: 3/12
  1831 | D:2      | Noticed Natasha
  1838 | D:2      | Killed Natasha
  2100 | D:2      | Noticed Terence
  2148 | D:2      | Killed Terence
  2149 | D:2      | Reached XP level 5. HP: 12/31 MP: 11/13
  2403 | D:2      | Bought 27 stones for 27 gold pieces
  3245 | D:3      | Found Sumukkuc's Weapon Shoppe.
  3326 | D:3      | Bought 25 stones for 32 gold pieces
  3453 | D:3      | Reached skill level 5 in Spellcasting
  3453 | D:3      | Reached XP level 6. HP: 29/37 MP: 12/15
  4093 | D:4      | Reached skill level 5 in Earth Magic
  4097 | D:4      | Learned a level 3 spell: Stone Arrow
  4103 | D:4      | Learned a level 5 spell: Lee's Rapid Deconstruction
  4108 | D:4      | Learned a level 4 spell: Petrify
  4448 | D:4      | Reached XP level 7. HP: 29/43 MP: 15/17
  4962 | D:4      | Found a runed translucent door.
  4963 | D:4      | Noticed Crazy Yiuf
  5265 | D:4      | Killed Crazy Yiuf
  5337 | D:5      | Entered Level 5 of the Dungeon
  5340 | D:5      | Found a glowing drain.
  5352 | Sewer    | Entered a sewer
  5461 | Sewer    | Reached skill level 6 in Spellcasting
  6115 | Sewer    | Reached skill level 5 in Fighting
  6987 | D:5      | Reached XP level 8. HP: 40/50 MP: 13/20
  6988 | D:5      | Reached skill level 7 in Spellcasting
  7449 | D:6      | Found a burning altar of Makhleb.
  7449 | D:6      | Found a shadowy altar of Dithmenos.
  7452 | D:6      | Found a snail-covered altar of Cheibriados.
  7452 | D:6      | Found a hazy altar of Hepliaklqana.
  7455 | D:6      | Found a bloodstained altar of Trog.
  7552 | D:6      | Became a worshipper of Dithmenos the Shadowed
  8287 | D:7      | Noticed a troll
  8292 | D:7      | Killed a troll
  8293 | D:7      | Reached skill level 8 in Spellcasting
  8338 | D:7      | Reached XP level 9. HP: 56/56 MP: 14/23
  8741 | D:7      | Noticed Prince Ribbit
  8748 | D:7      | Killed Prince Ribbit
  9165 | D:7      | Found a staircase to the Ecumenical Temple.
  9457 | D:8      | Identified the +1 chain mail of Hide-and-Seek {rPois Int+2
                  | Dex+7}
  9528 | D:8      | Learned a level 2 spell: Passwall
  9557 | D:8      | Reached * piety under Dithmenos
  9838 | D:8      | Found a glowing silver altar of Zin.
  9871 | D:8      | Reached skill level 9 in Spellcasting
 10269 | D:8      | Identified the +7 whip of Doom {flame, rF- Int+4 Dex+3}
 10317 | D:9      | Found a staircase to the Lair.
 10792 | D:9      | Noticed a manticore
 10807 | D:9      | Killed a manticore
 11066 | D:9      | Reached ** piety under Dithmenos
 11191 | D:9      | Reached XP level 10. HP: 57/65 MP: 16/25
 11253 | D:9      | Reached skill level 10 in Spellcasting
 11307 | D:9      | Found a staircase to the Orcish Mines.
 11317 | Orc:1    | Entered Level 1 of the Orcish Mines
 11317 | Orc:1    | Noticed an ettin
 12011 | D:9      | Noticed a two-headed ogre
 12016 | D:9      | Killed a two-headed ogre
 12422 | D:2      | Bought a polished cloak for 266 gold pieces
 12422 | D:2      | Identified the +0 cloak "Ynniraic" {Harm} (You bought it in
                  | a shop on level 2 of the Dungeon)
 12422 | D:2      | Bought a runed robe for 103 gold pieces
 12606 | Lair:1   | Entered Level 1 of the Lair of Beasts
 12619 | Lair:1   | Noticed a cane toad
 12625 | Lair:1   | Killed a cane toad
 12687 | Lair:1   | Found a gate leading to a gauntlet.
 12696 | Gauntlet | Entered a Gauntlet
 12696 | Gauntlet | Found a transporter.
 12696 | Gauntlet | Found a transporter.
 12697 | Gauntlet | Found a transporter.
 12697 | Gauntlet | Noticed a sixfirhy
 12699 | Gauntlet | Found a transporter.
 12700 | Gauntlet | Found a transporter.
 12707 | Gauntlet | Noticed a fire crab
 12710 | Gauntlet | Found a transporter.
 12710 | Gauntlet | Noticed a blizzard demon
 12714 | Gauntlet | Found a transporter.
 12721 | Gauntlet | Noticed a smoke demon
 12722 | Gauntlet | Noticed a glowing orange brain
 12723 | Gauntlet | Noticed a wolf spider
 12724 | Gauntlet | Found a transporter.
 12726 | Gauntlet | a wolf spider changed into a swamp worm
 12732 | Gauntlet | Noticed a moth of wrath
 12732 | Gauntlet | a swamp worm changed into a moth of wrath
 12740 | Gauntlet | Noticed a deep troll
 12740 | Gauntlet | a moth of wrath changed into a deep troll
 12815 | Gauntlet | Found a transporter.
 12825 | Gauntlet | Found a transporter.
 12829 | Gauntlet | Found a transporter.
 12844 | Gauntlet | Found a transporter.
 12950 | Gauntlet | Reached skill level 11 in Spellcasting
 12950 | Gauntlet | HP: 2/100 [ice devil (14)]
 13233 | Gauntlet | Killed a smoke demon
 13234 | Gauntlet | Reached skill level 10 in Fighting
 13330 | Gauntlet | Identified the +3 pair of boots "Tasedokh" {rF+ rN+ Will+
                  | Str+4}
 13357 | Gauntlet | Found the ring of the Octopus King {MP+9 AC+1 EV+1 Str+1
                  | Int+1 Dex+1}
 13357 | Gauntlet | Noticed a minotaur
 13423 | Gauntlet | Hit by a javelin thrown by a minotaur

Illustrated notes

Levels and vault maps discovered:
D:1:      heliophobic_arrival_dark_side_of_the_moon, layout_loops_corners,
          serial_shops, shop_fountains, shapermc_ecumenical_altar_gd
D:2:      layout_rooms, serial_forest, infiniplex_forest_3_way,
          infiniplex_forest_clump_curved, infiniplex_forest_zigzag_1,
          infiniplex_forest_lined_corner, serial_shops, shop_fountains,
          nicolae_shop_overgrown_old_shop, shop_coins, nicolae_shop_stone,
          uniq_terence, uniq_natasha
D:3:      layout_loops_ring, serial_shops, nicolae_shop_window_shopping,
          hangedman_decor_points
D:4:      layout_loops_ring, uniq_crazy_yiuf_cottage
D:5:      layout_loops_ring, cheibrodos_sewer_entry_sluice
D:6:      layout_cave_pools, grunt_temple_overflow_open, minivault_1
D:7:      layout_loops_ring, minmay_temple_entry_enclosed_plants,
          uniq_prince_ribbit1
D:8:      layout_cave_pods, lemuel_crystal_altar, due_unseen_surprise
D:9:      cheibrodos_two_vegetables, layout_rooms, dpeg_oklobed_lair,
          david_orc_4, kennysheep_generic_room_4
Lair:1:   layout_hall_layers, basic_altar, gauntlet_entry_generic,
          grunt_megastairs_1, minmay_lair_oklob_chamber
Orc:1:    layout_caves, gammafunk_ghost_split, lightli_volcano_entry_magma_tube
Gauntlet: gammafunk_gauntlet_hard_choice [nicolae_gauntlet_arena_blocks,
          gammafunk_gauntlet_arena_arrow_garden, nicolae_gauntlet_arena_grate_2,
          gammafunk_gauntlet_arena_hedges, gammafunk_gauntlet_arena_spirals,
          gammafunk_gauntlet_arena_chambers, gauntlet_exit_hidden_loot]

Skill      XL: |  1  2  3  4  5  6  7  8  9 10 |
---------------+-------------------------------+-----
Fighting       | 1 2 3 4 5 6 8 10 | 10.0
Spellcasting   | 4 5 6 8 9 11 | 11.3
Earth Magic    | 4 5 6 7 8 9 |  9.8
Dodging        | |  2.4
Stealth        | |  2.4
Transmutations | |  1.1

Action                   |  1- 3 |  4- 6 |  7- 9 | 10-12 || total
-------------------------+-------+-------+-------+-------++-------
Melee: Unarmed           |     6 |       |       |       ||     6
       Dagger            |    11 |   154 |   137 |    10 ||   312
 Cast: Sandblast         |    43 |    42 |    78 |     4 ||   167
       Stone Arrow       |       |       |   118 |    42 ||   160
       Lee's Rapid Decon |       |       |     3 |    25 ||    28
       Passwall          |       |       |     2 |       ||     2
       Petrify           |       |       |       |     2 ||     2
Evoke: Wand              |       |       |       |     5 ||     5
  Use: Potion            |       |     1 |       |    20 ||    21
       Scroll            |       |       |    10 |     8 ||    18
 Stab: Sleeping          |       |     8 |     4 |       ||    12
Armor: Robe              |     4 |    32 |    65 |    10 ||   111
       Skin              |       |    19 |       |    11 ||    30
Dodge: Dodged            |    28 |   106 |   188 |    24 ||   346

Table legend: (Time is in decaauts)
 A = Elapsed time spent in this place.
 B = Non-inter-level travel time spent in this place.
 C = Inter-level travel time spent in this place.
 D = Time resting spent in this place.
 E = Time spent auto-exploring this place.
 F = Levels seen in this place.
 G = Mean time per level.
                   A        B        C        D        E       F      G
               +--------+--------+--------+--------+--------+-----+--------+
         Total |  13452 |  12796 |    656 |   2486 |   8545 |  13 | 1034.8 |
       Dungeon |  11484 |  10828 |    656 |   1729 |   7756 |   9 | 1276.0 |
          Lair |     90 |     90 |      0 |      0 |     63 |   1 |   90.0 |
  Orcish Mines |     28 |     28 |      0 |      0 |      0 |   1 |   28.0 |
         Sewer |   1141 |   1141 |      0 |    396 |    549 |   1 | 1141.0 |
      Gauntlet |    707 |    707 |      0 |    361 |    176 |   1 |  707.0 |
               +--------+--------+--------+--------+--------+-----+--------+

Top non-repeatable levels by time:
     D:9: 1968 daAuts
     D:2: 1724 daAuts
     D:4: 1325 daAuts
     D:1: 1266 daAuts
     D:7: 1224 daAuts
   Sewer: 1141 daAuts
     D:3: 1134 daAuts
     D:5: 1041 daAuts
     D:8: 1016 daAuts
     D:6: 780 daAuts
Gauntlet: 707 daAuts
  Lair:1: 90 daAuts
   Orc:1: 28 daAuts
